 Dungeon Crawl Stone Soup version 0.28.0-53-g5a82cb258f (webtiles) character file.

Game seed: 2439075518105937671

2 LynnLen the Sneak (level 1, 0/13 HPs)
             Began as a Vampire Enchanter on Aug 2, 2022.
             Slain by a kobold
             ... wielding a +0 dagger
              (2 damage)
             ... on level 1 of the Dungeon.
             The game lasted 00:00:10 (87 turns).

LynnLen the Sneak (Vampire Enchanter)                 Turns: 87, Time: 00:00:10

Health: 0/13       AC:  2    Str:  7    XL:     1   Next: 33%
Magic:  3/3        EV: 12    Int: 17    God:
Gold:   34         SH:  0    Dex: 14    Spells: 4/4 levels left

rFire   . . .      SeeInvis +   a - +1 dagger
rCold   . . .      Faith    .   (no shield)
rNeg    . . .      Spirit   .   b - +0 robe
rPois   .          Reflect  .   (no helmet)
rElec   .          Harm     .   (no cloak)
rCorr   .          Rampage  .   (no gloves)
Will    .....                   (no boots)
Stlth   +++.......              (no amulet)
HPRegen 0.24/turn               (no ring)
MPRegen 0.08/turn               (no ring)

@: healing quickly
A: alive, fangs 3, see invisible, vampiric 1
a: Exsanguinate


You were on level 1 of the Dungeon.
You visited 1 branch of the dungeon, and saw 1 of its levels.

You collected 34 gold pieces.

Inventory:

Hand Weapons
 a - a +1 dagger (weapon)
Armour
 b - a +0 robe (worn)
Potions
 c - a potion of invisibility


   Skills:
 * Level 1.2 Short Blades
 * Level 2.2 Dodging
 + Level 4.5 Stealth
 - Level 2.0 Spellcasting
 - Level 4.4 Hexes


You had 4 spell levels left.
You didn't know any spells.
Your spell library contained the following spells:

 Spells                   Type           Power      Damage    Failure   Level
 Confusing Touch          Hex            16%        N/A       10%         3
 Tukima's Dance           Hex            16%        N/A       10%         3
 Ensorcelled Hibernation  Hex/Ice        18%        N/A       12%         2
 Dazzling Flash           Conj/Hex       18%        N/A       24%         3


Dungeon Overview and Level Annotations

Branches:
Dungeon (1/15)

Altars:


Innate Abilities, Weirdness & Mutations

Your natural rate of healing is accelerated.
You have razor-sharp teeth.
You have supernaturally acute eyesight. (SInv)
You are afflicted with vampirism.


Message History

You now have 34 gold pieces (gained 15).
A bat comes into view.
A frilled lizard comes into view. 2 ball pythons come into view.
A kobold comes into view. It is wielding a +0 dagger.
The ball python hisses angrily.
The frilled lizard bites you but does no damage.
The frilled lizard barely misses you. The ball python barely misses you.
The ball python grabs you. The ball python constricts you.
The ball python completely misses you.
You closely miss the ball python. The frilled lizard closely misses you.
The ball python closely misses you. The ball python constricts you.
The ball python barely misses you.
You hit the ball python.
The ball python is heavily wounded.
The bat closely misses you. The ball python bites you.
The ball python constricts you. The frilled lizard barely misses you.
The ball python barely misses you.
You hit the ball python but do no damage.
The ball python is heavily wounded.
The ball python closely misses you. The ball python constricts you.
The frilled lizard bites you but does no damage.
The ball python completely misses you. The bat barely misses you.
The ball python closely misses you. The ball python constricts you.
You hit the ball python.
You kill the ball python!
The bat misses you. The ball python bites you.
The ball python barely misses you. The frilled lizard barely misses you.
The ball python barely misses you. The ball python closely misses you.
The frilled lizard unfolds its giant frill.
The frilled lizard closely misses you. The ball python closely misses you.
The ball python grabs you. The ball python constricts you.
The ball python's grasp on you weakens, but your attempt to escape fails.
The bat barely misses you. The frilled lizard closely misses you.
The ball python bites you. The ball python constricts you.
You escape the ball python's grasp.
The kobold hits you with a +0 dagger.
* * * LOW HITPOINT WARNING * * *
The ball python closely misses you. The ball python misses you.
The bat hits you but does no damage. The kobold hits you with a +0 dagger.
You die...

##.....# .#....
.......##.#....
#####............
#..............#
#..............#
#.........b....#
#######.......SK.....#
...............l@....#
###################..#
#


You could see a bat, a ball python, a kobold and a frilled lizard.

Vanquished Creatures
  A ball python (D:1)
  An endoplasm (D:1)
2 creatures vanquished.

Notes
Turn   | Place    | Note
-------+----------+-------------------------------------------
     0 | D:1      | LynnLen the Vampire Enchanter began the quest for the Orb.
     0 | D:1      | Reached XP level 1. HP: 13/13 MP: 3/3
    87 | D:1      | Slain by a kobold

Illustrated notes

Levels and vault maps discovered:
D:1:      psy_arrival_fountain, layout_basic, minmay_tetromino_s2

Action                   || total
-------------------------++-------
Melee: Dagger            ||     8
Armor: Robe              ||     4
Dodge: Dodged            ||    24
